 Dungeon Crawl Stone Soup version 0.23.2-40-g277498a (webtiles) character file.

Game seed: 3998239619154426158

56 Balder the Shield-Bearer (level 3, 0/35 HPs)
             Began as a Gnoll Fighter on Sept 15, 2019.
             Was an Initiate of Okawaru.
             Killed by divine providence
             ... invoked by an orc priest
              (13 damage)
             ... on level 3 of the Dungeon.
             The game lasted 00:06:10 (1741 turns).

Balder the Shield-Bearer (Gnoll Fighter)            Turns: 1741, Time: 00:06:10

Health: 0/35       AC: 11    Str: 18    XL:     3   Next: 97%
Magic:  4/4        EV:  6    Int: 10    God:    Okawaru [......]
Gold:   111        SH: 10    Dex: 15    Spells: 4/4 levels left

rFire    . . .     SeeInvis .   a - +0 flail
rCold    . . .     Gourm    .   c - +0 shield
rNeg     . . .     Faith    .   m - +0 chain mail
rPois    .         Spirit   .   (no helmet)
rElec    .         Reflect  .   g - +0 cloak
rCorr    .         Harm     .   (no gloves)
MR       .....                  (no boots)
Stlth    ..........             (no amulet)
HPRegen  0.11/turn              (no ring)
MPRegen  0.09/turn              (no ring)

@: no status effects
A: distributed training, fangs 1, strong nose
a: Renounce Religion


You were on level 3 of the Dungeon.
You worshipped Okawaru.
Okawaru was noncommittal.
You were not hungry.

You visited 1 branch of the dungeon, and saw 3 of its levels.

You collected 111 gold pieces.

Inventory:

Hand Weapons
 a - a +0 flail (weapon)
 q - a +1 spear of piercing
Missiles
 n - 7 javelins (quivered)
Armour
 c - a +0 shield (worn)
 g - a +0 cloak (worn)
 m - a +0 chain mail (worn)
Jewellery
 p - an uncursed ring of flight {unknown}
Scrolls
 e - 2 scrolls of identify
 i - a scroll of fear {unknown}
 j - a scroll of immolation {unknown}
 k - 2 scrolls of magic mapping
Potions
 b - 2 potions of flight {unknown}
 d - a potion of might
 l - a potion of ambrosia {unknown}
 o - a potion of heal wounds {unknown}
Comestibles
 f - 6 rations
 h - 4 chunks of flesh


   Skills:
 + Level 6.5 Fighting
 + Level 1.0 Short Blades
 + Level 1.0 Long Blades
 + Level 1.0 Axes
 + Level 4.6 Maces & Flails
 + Level 1.0 Polearms
 + Level 1.0 Staves
 + Level 1.0 Slings
 + Level 1.0 Bows
 + Level 1.0 Crossbows
 + Level 1.0 Throwing
 + Level 6.5 Armour
 + Level 1.0 Dodging
 + Level 1.0 Stealth
 + Level 6.5 Shields
 + Level 1.0 Unarmed Combat
 + Level 1.0 Spellcasting
 + Level 0.7 Conjurations
 + Level 0.7 Hexes
 + Level 0.7 Charms
 + Level 0.7 Summonings
 + Level 0.7 Necromancy
 + Level 0.7 Translocations
 + Level 0.7 Transmutations
 + Level 0.7 Fire Magic
 + Level 0.7 Ice Magic
 + Level 0.7 Air Magic
 + Level 0.7 Earth Magic
 + Level 0.7 Poison Magic
 + Level 1.0 Invocations
 + Level 1.0 Evocations


You had 4 spell levels left.
You didn't know any spells.
Your spell library was empty.

Dungeon Overview and Level Annotations

Branches:
Dungeon (3/15)

Altars:
Okawaru


Innate Abilities, Weirdness & Mutations

Your experience applies equally to all skills.
You have very sharp teeth.
Your uncanny sense of smell can sniff out nearby items.


Message History

The orc moves out of view.
An orc priest comes into view. It is wielding a +0 war axe.
The orc shouts!
The orc priest shouts!
The orc priest invokes the aid of Beogh against you.
Beogh smites you!
An orc comes into view.
The orc shouts!
The orc hits you but does no damage.
You hit the orc but do no damage. The orc hits you but does no damage.
You barely miss the orc. You block the orc's attack.
You block the orc's attack.
You hit the orc.
The orc is moderately wounded.
The orc barely misses you.
The orc priest invokes the aid of Beogh against you.
Beogh smites you! The orc hits you but does no damage.
The orc closely misses you.
The orc priest calls down the wrath of Beogh upon you.
Beogh smites you!
You die...

#.# #.###########
#............
########.###########
# ...........# # ..
########.#.# #
#..###### #.#.# ##
#.......#####.#.# #.
.....>o.@.....#.# #.
.......o#######.# #.
.......o#
#.########.
#........
#.#........
..........
#.#.######.
....#.#.... #.#.# ##
....#......# #.# ...
..#....# # #.# ..
.#.#....###.##.#


You could see an orc priest and 2 orcs.

Vanquished Creatures
  An adder (D:2)
  2 dart slugs (D:1)
  A leopard gecko (D:1)
  2 ball pythons
  7 bats
  2 giant cockroaches
  8 goblins
  4 hobgoblins
  4 frilled lizards
  3 kobolds
  6 rats
40 creatures vanquished.

Notes
Turn   | Place    | Note
-------+----------+-------------------------------------------
     0 | D:1      | Balder the Gnoll Fighter began the quest for the Orb.
     0 | D:1      | Reached XP level 1. HP: 23/23 MP: 1/1
   149 | D:1      | Reached XP level 2. HP: 29/29 MP: 2/2
   430 | D:1      | Reached XP level 3. HP: 35/35 MP: 3/3
   848 | D:2      | Reached skill level 1 in Invocations
  1524 | D:3      | Reached skill level 1 in Short Blades
  1524 | D:3      | Reached skill level 1 in Long Blades
  1524 | D:3      | Reached skill level 1 in Axes
  1524 | D:3      | Reached skill level 1 in Polearms
  1524 | D:3      | Reached skill level 1 in Staves
  1524 | D:3      | Reached skill level 1 in Slings
  1524 | D:3      | Reached skill level 1 in Bows
  1524 | D:3      | Reached skill level 1 in Crossbows
  1524 | D:3      | Reached skill level 1 in Throwing
  1524 | D:3      | Reached skill level 1 in Dodging
  1524 | D:3      | Reached skill level 1 in Stealth
  1524 | D:3      | Reached skill level 1 in Unarmed Combat
  1524 | D:3      | Reached skill level 1 in Spellcasting
  1524 | D:3      | Reached skill level 1 in Evocations
  1594 | D:3      | Found an iron altar of Okawaru.
  1602 | D:3      | Became a worshipper of Warmaster Okawaru
  1741 | D:3      | Killed from afar by an orc priest

Skill      XL: |  1  2  3 |
---------------+----------+-----
Invocations    | 1 |  1.0
Short Blades   | 1 |  1.0
Long Blades    | 1 |  1.0
Axes           | 1 |  1.0
Polearms       | 1 |  1.0
Staves         | 1 |  1.0
Slings         | 1 |  1.0
Bows           | 1 |  1.0
Crossbows      | 1 |  1.0
Throwing       | 1 |  1.0
Dodging        | 1 |  1.0
Stealth        | 1 |  1.0
Unarmed Combat | 1 |  1.0
Spellcasting   | 1 |  1.0
Evocations     | 1 |  1.0
Fighting       | |  6.5
Maces & Flails | |  4.6
Armour         | |  6.5
Shields        | |  6.5
Conjurations   | |  0.7
Hexes          | |  0.7
Charms         | |  0.7
Summonings     | |  0.7
Necromancy     | |  0.7
Translocations | |  0.7
Transmutations | |  0.7
Fire Magic     | |  0.7
Ice Magic      | |  0.7
Air Magic      | |  0.7
Earth Magic    | |  0.7
Poison Magic   | |  0.7

Action                   || total
-------------------------++-------
Melee: Flail             ||   121
       Bite              ||    13
  Use: Scroll            ||     2
  Eat: Chunk             ||     3
Armor: Scale mail        ||    20
       Chain mail        ||    39
Dodge: Dodged            ||    39
Block: Shield            ||    81
